 Bloatcrawl 2 version 0.50.1-497-g763ebf1 (webtiles) character file.

Game seed: 17933771200895575516, levelgen mode: deterministic

640 Dorkslayer the Slasher (level 7, -1/49 HPs)
             Began as an Angel Paladin on Dec 2, 2020.
             Was a Believer of the Shining One.
             Slain by an ogre
             ... wielding a +0 giant spiked club
              (7 damage)
             ... on level 4 of the Dungeon.
             The game lasted 00:06:45 (2627 turns).

Dorkslayer the Slasher (Angel Paladin)              Turns: 2627, Time: 00:06:46

Health: -1/49      AC:  9    Str: 14    XL:     7   Next: 51%
Magic:  9/9        EV:  5    Int: 12    God:    the Shining One [**....]
Gold:   185        SH:  0    Dex: 19    Spells: 6/6 levels left Game modifiers: x1.5 XP

rFire   . . .      SeeInvis +    a - +1 falchion (holy)
rCold   . . .      Gourm    .    (no shield)
rNeg    + . .      Faith    .    f - -2 plate armour (curse)
rPois   +          Spirit   .    (no helmet)
rElec   +          Reflect  .    (no cloak)
rCorr   .          Harm     .    (no gloves)
MR      .....                    (no boots)
Stlth   ..........               (no amulet)
HPRegen 0.16/turn                (no ring)
MPRegen 0.11/turn                (no ring)

@: glowing
A: flight, see invisible, poison resistance, electricity resistance
a: Fly, Divine Shield, Renounce Religion


You were on level 4 of the Dungeon.
You worshipped the Shining One.
The Shining One was pleased with you.
You were not hungry.

You visited 1 branch of the dungeon, and saw 4 of its levels.

You collected 185 gold pieces.

Inventory:

Hand Weapons
 a - a +1 falchion of holy wrath (weapon)
Armour
 b - a +1 chain mail
 f - a cursed -2 plate armour (worn)
Scrolls
 d - 2 scrolls of magic mapping
 i - a scroll of teleportation
Potions
 e - a potion of curing {unknown}
 g - a potion of stabbing
 h - 2 potions of lignification {unknown}
 j - a potion of degeneration {unknown}
 k - 2 potions of mutation {unknown}
Comestibles
 c - 6 rations
 m - a chunk of flesh


   Skills:
 + Level 4.4 Fighting
 + Level 5.6 Long Blades
 + Level 2.3 Armour
 + Level 2.6 Dodging
 + Level 2.7 Invocations


You had 6 spell levels left.
You didn't know any spells.
Your spell library was empty.

Dungeon Overview and Level Annotations

Branches:
Dungeon (4/15)             Temple (0/1) D:4

Altars:
Xom


Innate Abilities, Weirdness & Mutations

You can fly at any time.
You have supernaturally acute eyesight. (SInv)
Your system is resistant to poisons. (rPois)
You are resistant to electric shocks. (rElec)


Message History

You feel better.
n - a scroll labeled QUWIYR DUNEUSE Eating one of 2 chunks of flesh.
You eat one of the 2 chunks of flesh.
This raw flesh tastes terrible.
An ogre comes into view. It is wielding a +0 giant spiked club.
The ogre shouts!
As you read the scroll labeled TYIMNOM ITOIFI, it crumbles to dust.
It is a scroll of enchant armour.
Your +0 chain mail glows green for a moment.
As you read the scroll labeled QUWIYR DUNEUSE, it crumbles to dust.
The scroll dissolves into smoke.
It was a scroll of fog.
The ogre hits you with a +0 giant spiked club!!
You slash the ogre!
The ogre is moderately wounded.
The ogre hits you with a +0 giant spiked club!
* * * LOW HITPOINT WARNING * * *
You completely miss the ogre.
The ogre is moderately wounded.
The ogre hits you with a +0 giant spiked club!
You die...

######## #....#.# ## ..#
#......# .. ..# #......#
##. ...#
###......#.#......#
####.....#..#.#.#... .
#....###.#........ ..#
#.##.#.#.....##O#....#
#.####.###.#§§@...#
#..........#§§#...#
#########
#########..#§§#.###
#.......# #.....#§§#.#
#.......#
#.###.§§§#########.......#
#.#####§§§.......+....<..#
#....###.....#####.......#
####.# #.###.# #.......#
#.###.# #.# #.......#


You could see an ogre.

Vanquished Creatures
  Grinder (D:3)
  2 orc priests
  A hound (D:4)
  An orc wizard (D:4)
  A centaur skeleton (D:4)
  2 adders
  An ooze (D:4)
  5 worms
  3 dart slugs (D:2)
  3 leopard geckos (D:2)
  3 orcs
  3 giant cockroaches
  6 goblins
  2 hobgoblins (D:3)
  2 jackals (D:2)
  7 kobolds
  2 quokkas
  A ball python (D:2)
  5 bats
  5 frilled lizards
  4 rats (D:2)
60 creatures vanquished.

Notes
Turn   | Place    | Note
-------+----------+-------------------------------------------
     0 | D:1      | Dorkslayer the Angel Paladin began the quest for the Orb.
     0 | D:1      | Reached XP level 1. HP: 16/16 MP: 2/2
   743 | D:2      | Reached XP level 2. HP: 21/21 MP: 3/3
   832 | D:2      | Reached skill level 1 in Armour
   881 | D:2      | Reached XP level 3. HP: 26/26 MP: 4/4
  1019 | D:2      | Found a shimmering altar of Xom.
  1033 | D:2      | Reached XP level 4. HP: 31/33 MP: 5/5
  1706 | D:3      | Reached skill level 3 in Long Blades
  1769 | D:3      | Reached ** piety under the Shining One
  1769 | D:3      | Reached XP level 5. HP: 36/37 MP: 7/7
  2047 | D:3      | Noticed Grinder
  2055 | D:3      | Killed Grinder
  2055 | D:3      | Reached skill level 5 in Long Blades
  2055 | D:3      | Reached XP level 6. HP: 30/43 MP: 8/8
  2055 | D:3      | Gained mutation: You are resistant to electric shocks.
                  | (rElec) [Angel growth]
  2055 | D:3      | Reached XP level 7. HP: 33/48 MP: 9/9
  2420 | D:4      | Found a staircase to the Ecumenical Temple.
  2627 | D:4      | Slain by an ogre

Levels and vault maps discovered:
D:1:      elethiomel_arrival_quiet, layout_basic
D:2:      minmay_chambers_of_ones, layout_loops_ring, first_ration,
          grunt_ministairs_5, grunt_decor_cap, xom_teletrap_fun
D:3:      layout_basic, kennysheep_boxes, uniq_grinder
D:4:      layout_basic, minmay_temple_entry_trees, uniq_edmund

Skill      XL: |  1  2  3  4  5 |
---------------+----------------+-----
Armour         | 1 2 |  2.3
Long Blades    | 3 5 |  5.6
Fighting       | 4 |  4.4
Dodging        | |  2.6
Invocations    | |  2.7

Action                   |  1- 3 |  4- 6 |  7- 9 || total
-------------------------+-------+-------+-------++-------
Melee: Falchion          |    57 |    79 |    49 ||   185
  Use: Potion            |     1 |       |       ||     1
       Scroll            |     3 |     2 |     3 ||     8
  Eat: Chunk             |       |     4 |     2 ||     6
Armor: Chain mail        |     7 |       |       ||     7
       Plate armour      |    42 |    37 |    26 ||   105
Dodge: Dodged            |    14 |    21 |     7 ||    42
       Rpst.: Falchion   |     7 |     2 |     5 ||    14
